 Dungeon Crawl Stone Soup version 0.30-a0-808-g6e0788376e (webtiles) character file.

Game seed: 2726809830262617680

614 Nacht the Sneak (level 7, 0/55 HPs)
             Began as a Naga Earth Elementalist on Feb 27, 2023.
             Was an Initiate of Kikubaaqudgha.
             Slain by a gnoll sergeant
             ... wielding a +0 spear
              (9 damage)
             ... on level 5 of the Dungeon.
             The game lasted 00:05:16 (4250 turns).

Nacht the Sneak (Naga Earth Elementalist)           Turns: 4250, Time: 00:05:16

Health: 0/55       AC:  4    Str: 10    XL:     7   Next: 44%
Magic:  4/10       EV: 10    Int: 17    God:    Kikubaaqudgha [......]
Gold:   252        SH:  0    Dex: 12    Spells: 4/10 levels left

rFire   . . .      SeeInvis +    r - staff of earth
rCold   . . .      Faith    .    (no shield)
rNeg    . . .      Spirit   .    a - +0 robe
rPois   +          Reflect  .    (no helmet)
rElec   .          Harm     .    (no cloak)
rCorr   .          Rampage  .    c - +0 pair of gloves
Will    .....                    (no barding)
Stlth   +++                      g - amulet of regeneration
HPRegen 1.09/turn                (no ring)
MPRegen 0.12/turn                (no ring)

@: very slow
A: AC +2, large, see invisible, deformed body, poison resistance, slowness 2,
spit poison 1, naga tail 1
a: Spit Poison, Renounce Religion


You were on level 5 of the Dungeon.
You worshipped Kikubaaqudgha.
Kikubaaqudgha was noncommittal.
You visited 1 branch of the dungeon, and saw 7 of its levels.

You collected 252 gold pieces.

Inventory:

Hand Weapons
 j - a +2 dagger of protection
Armour
 a - a +0 robe (worn)
 c - a +0 pair of gloves (worn)
Magical Staves
 r - a staff of earth (weapon)
Jewellery
 g - an amulet of regeneration (around neck)
Scrolls
 d - 2 scrolls of amnesia {unknown}
 e - 4 scrolls of identify
 h - a scroll of poison {unknown}
 n - a scroll of noise {unknown}
 o - a scroll of immolation {unknown}
 p - 3 scrolls of teleportation {unknown}
 q - a scroll of blinking {unknown}
 s - a scroll of brand weapon {unknown}
 w - a scroll of fog {unknown}
Potions
 b - a potion of magic
 f - 2 potions of lignification
 i - a potion of degeneration {unknown}
 k - a potion of attraction {unknown}
 l - 3 potions of mutation {unknown}
 m - 3 potions of curing
 t - 2 potions of might {unknown}
 u - a potion of ambrosia {unknown}
 v - a potion of haste {unknown}


   Skills:
 - Level 1.5 Dodging
 + Level 7.2 Stealth
 * Level 2.4 Spellcasting
 * Level 1.2 Necromancy
 - Level 1.0 Transmutations
 * Level 6.8 Earth Magic


You had 4 spell levels left.
You knew the following spells:

 Your Spells              Type           Power      Damage    Failure   Level
a - Sandblast             Erth           76%        2d16      1%          1
b - Stone Arrow           Conj/Erth      40%        3d9       14%         3
w - Passwall              Tmut/Erth      19%        N/A       5%          2

Your spell library contained the following spells:

 Spells                   Type           Power      Damage    Failure   Level
 Ensorcelled Hibernation  Hex/Ice        4%         N/A       28%         2
 Petrify                  Tmut/Erth      23%        N/A       36%         4
 Animate Armour           Summ/Erth      40%        N/A       41%         4
 Dazzling Flash           Conj/Hex       4%         N/A       50%         3
 Swiftness                Air            2%         N/A       50%         3
 Agony                    Necr           6%         N/A       97%         5
 Silence                  Hex/Air        1%         N/A       99%         5
 Summon Forest            Summ/Tloc      1%         N/A       99%         5
 Summon Mana Viper        Hex/Summ       2%         N/A       99%         5
 Summon Cactus Giant      Summ           1%         N/A       100%        6
 Lehudib's Crystal Spear  Conj/Erth      10%        10d4      100%        8


Dungeon Overview and Level Annotations

Branches:
Dungeon (7/15)
 Temple: D:4-7

Altars:
Ashenzari
Dithmenos
Fedhas
Gozag
Kikubaaqudgha
Nemelex Xobeh
Ru
Uskayaw
Zin
The Shining One

Shops:
D:1 (   D:6 *


Innate Abilities, Weirdness & Mutations

Your serpentine skin is tough. (AC +2)
You have supernaturally acute eyesight. (SInv)
Armour fits poorly on your strangely shaped body.
Your system is resistant to poisons. (rPois)
You cover ground very slowly.
You can spit poison.
You have a snake-like lower body.


Message History

The gnoll sergeant hits you from afar with a +0 spear!
Casting: Sandblast (safe; 1% risk of failure)
Confirm with . or Enter, or press ? or * to list all spells.
Aiming: Sandblast (safe; 1% risk of failure)
Press: ? - help, Shift-Dir - straight line, f/p - gnoll sergeant
Aim: a gnoll sergeant, wielding a +0 spear, wearing a +0 ring mail and wearing a +0 buckler (moderately wounded, 88% to hit)
You feel a surge of power!
The blast of sand hits the gnoll sergeant.
The gnoll sergeant is moderately wounded.
You hear the quick rusting of a very distant drain.
The gnoll completely misses you.
The gnoll sergeant hits you from afar with a +0 spear.
The gnoll sergeant hits you from afar with a +0 spear!
The gnoll hits you from afar with a +0 spear.
Casting: Sandblast (safe; 1% risk of failure)
Confirm with . or Enter, or press ? or * to list all spells.
Aiming: Sandblast (safe; 1% risk of failure)
Press: ? - help, Shift-Dir - straight line, f/p - gnoll sergeant
Aim: a gnoll sergeant, wielding a +0 spear, wearing a +0 ring mail and wearing a +0 buckler (moderately wounded, 88% to hit)
You feel a surge of power!
The blast of sand hits the gnoll sergeant but does no damage.
The gnoll sergeant is moderately wounded.
The gnoll hits you from afar with a +0 spear.
* * * LOW HITPOINT WARNING * * *
The gnoll sergeant hits you from afar with a +0 spear!
* * * LOW HITPOINT WARNING * * *
Okay, then.
Okay, then.
As you read the scroll labelled KINIZI BEUJE, it crumbles to dust.
It is a scroll of identify.
f - 2 potions of lignification The gnoll hits you from afar with a +0 spear.
* * * LOW HITPOINT WARNING * * *
The gnoll sergeant completely misses you.
It was a potion of curing.
You feel better.
The gnoll hits you from afar with a +0 spear.
* * * LOW HITPOINT WARNING * * *
The gnoll sergeant hits you from afar with a +0 spear!
You die...
Kikubaaqudgha rasps: "You have failed me!
Welcome... death!"

..#.#. ##.....#
.## .#._. ###...#
...# ..#.#
##...### ...##..#
##..### #..#
+#..## ...# ##..##
#.#.#g.###..##
#...gg).#..##
#@#.##
#...########
####.........#
#..........#.#
##..####.#.#.#
#...#####.#.#
......(#.##~##.#.#
######.#.#..~#.#.#
#.#.##.##...#


You could see a gnoll sergeant and 2 gnolls.

Vanquished Creatures
  A black bear (D:4)
  An ogre (D:6)
  A bullfrog (D:6)
  2 scorpions
  2 wights (D:6)
  A hound (D:4)
  A jelly (D:4)
  An adder (D:3)
  A gnoll (D:5)
  2 dart slugs (D:2)
  3 orcs
  6 endoplasms
  2 giant cockroaches
  5 goblins
  6 hobgoblins
  6 kobolds
  5 quokkas
  16 ball pythons
  6 bats
  4 frilled lizards
  6 rats
78 creatures vanquished.

Vanquished Creatures (others)
  8 fungi (D:5)
8 creatures vanquished.

Grand Total: 86 creatures vanquished

Notes
Turn   | Place    | Note
-------+----------+-------------------------------------------
     0 | D:1      | Nacht the Naga Earth Elementalist began the quest for the
                  | Orb.
     0 | D:1      | Reached XP level 1. HP: 15/15 MP: 3/3
   226 | D:1      | Found Becy's Weapon Shop.
   325 | D:1      | Reached XP level 2. HP: 22/22 MP: 1/5
   909 | D:1      | Learned a level 2 spell: Passwall
  1159 | D:2      | Found a faded altar of an unknown god.
  1238 | D:2      | Reached XP level 3. HP: 28/28 MP: 1/6
  1358 | D:2      | Learned a level 3 spell: Stone Arrow
  1501 | D:2      | Reached skill level 4 in Stealth
  2256 | D:3      | Noticed a scorpion
  2258 | D:3      | Killed a scorpion
  2259 | D:3      | Reached XP level 4. HP: 36/36 MP: 4/7
  2396 | D:3      | Reached skill level 5 in Stealth
  2469 | D:3      | Reached XP level 5. HP: 42/42 MP: 5/8
  2633 | D:3      | Reached skill level 5 in Earth Magic
  2901 | D:4      | Noticed a black bear
  2908 | D:4      | Killed a black bear
  2969 | D:4      | Reached skill level 6 in Stealth
  2969 | D:4      | Reached XP level 6. HP: 49/49 MP: 6/9
  3579 | D:4      | Found an opulent altar of Gozag.
  3579 | D:4      | Found a sparkling altar of Nemelex Xobeh.
  3581 | D:4      | Found a sacrificial altar of Ru.
  3588 | D:4      | Found a glowing silver altar of Zin.
  3590 | D:4      | Found a shadowy altar of Dithmenos.
  3591 | D:4      | Found a broken altar of Ashenzari.
  3635 | D:4      | Found a hide-covered altar of Uskayaw.
  3638 | D:4      | Found a blossoming altar of Fedhas.
  3639 | D:4      | Found an ancient bone altar of Kikubaaqudgha.
  3748 | D:4      | Became a worshipper of Kikubaaqudgha
  3807 | D:5      | Entered Level 5 of the Dungeon
  3807 | D:5      | You fall into a shaft and drop 2 floors!
  3837 | D:6      | Reached skill level 7 in Stealth
  3837 | D:6      | Reached XP level 7. HP: 18/52 MP: 4/10
  3911 | D:6      | Found Ymal's Gadget Gallery.
  4071 | D:6      | Reached skill level 1 in Necromancy
  4184 | D:5      | Found a glowing golden altar of the Shining One.
  4250 | D:5      | Slain by a gnoll sergeant

Illustrated notes

Levels and vault maps discovered:
D:1:      nagdon_arrival_double_spiral, layout_basic, serial_shops,
          nicolae_shop_bloodbath_and_beyond, hangedman_decor_peaks_small
D:2:      layout_loops_corners, nicolae_ecumenical_lake_church
D:3:      layout_rooms
D:4:      nicolae_cairo_tiling_very_big, layout_loops_ring,
          nicolae_overflow_hallway_of_the_gods, minmay_ruptured
D:5:      cheibrodos_fertilizer, layout_basic,
          gammafunk_temple_overflow_elements, tso_metal_star,
          minmay_temple_entry_enclosed_plants, serial_aquarium,
          aquarium_bridge_long_joined [aquarium_subvault_window,
          aquarium_subvault_wall, aquarium_subvault_window,
          aquarium_subvault_window, aquarium_subvault_bridge,
          aquarium_subvault_window], aquarium_window_2, aquarium_window_fake,
          aquarium_window_2, aquarium_window_2, aquarium_view_2c,
          aquarium_view_2a, lightli_sewer_entry_pipes
D:6:      layout_basic, nicolae_shop_gadgets, uniq_eustachio
D:7:      layout_loops_ring, st_stairs_6, uniq_pikel, uniq_duvessa,
          uniq_crazy_yiuf_cottage

Skill      XL: |  1  2  3  4  5  6  7 |
---------------+----------------------+-----
Stealth        | 4 5 6 7 |  7.2
Earth Magic    | 4 5 6 |  6.8
Necromancy     | 1 |  1.2
Dodging        | |  1.5
Spellcasting   | |  2.4
Transmutations | |  1.0

Action                     |  1- 3 |  4- 6 |  7- 9 || total
---------------------------+-------+-------+-------++-------
  Melee: Unarmed           |    19 |       |       ||    19
         Dagger            |     1 |       |       ||     1
   Cast: Sandblast         |    58 |    61 |    13 ||   132
    Use: Scroll            |       |       |     1 ||     1
         Potion            |       |       |     1 ||     1
 Armour: Robe              |    12 |     3 |     3 ||    18
  Dodge: Dodged            |    16 |    18 |     6 ||    40

Table legend: (Time is in decaauts)
 A = Elapsed time spent in this place.
 B = Non-inter-level travel time spent in this place.
 C = Inter-level travel time spent in this place.
 D = Time resting spent in this place.
 E = Time spent auto-exploring this place.
 F = Levels seen in this place.
 G = Mean time per level.
                   A        B        C        D        E       F      G
               +--------+--------+--------+--------+--------+-----+--------+
         Total |   5458 |   5248 |    210 |      0 |   4566 |   7 |  779.7 |
       Dungeon |   5458 |   5248 |    210 |      0 |   4566 |   7 |  779.7 |
               +--------+--------+--------+--------+--------+-----+--------+

Top non-repeatable levels by time:
     D:2: 1711 daAuts
     D:1: 1191 daAuts
     D:4: 1184 daAuts
     D:3: 792 daAuts
     D:6: 347 daAuts
     D:5: 204 daAuts
     D:7: 26 daAuts
